[ AOE2 MATCH · #484146944 ]
UnrankedPoles vs Britons
Player's team · WIN
Rival team · LOSS
[ REPLAY ANALYSIS · EXTRACTED FROM THE RECORDED GAME ]
Feudal
—
Castle
—
Imperial
—
| APM avg | 14.5 |
| APM peak | 37 |
| eAPM avg | 11.9 |
| Villagers / military | 109 / 273 |
Focus
⚔️ 36.1% · 🌾 63.9%
Scout Cavalry ×151 · Archer ×103 · Obuch ×12 · Trebuchet (Packed) ×5 · Monk ×2
Feudal
10:43
Castle
16:43
Imperial
35:26
| APM avg | 16.6 |
| APM peak | 45 |
| eAPM avg | 11.1 |
| Villagers / military | 66 / 199 |
Focus
⚔️ 34.4% · 🌾 65.6%
Spearman ×80 · Longbowman ×73 · Skirmisher ×33 · Archer ×5 · Trebuchet (Packed) ×4 · Scorpion ×2
Match map
Initial resources + every placement click. Lines = walls · curves = elevation contours. ◆ gold · ⬟ stone · ● berries · ✦ relic · ◌ wall gap
Your base· ✓ Closed at 13:22 · 0t walls · 2 gate(s)
Barbabietola's base· ✓ Closed at 16:43 · 0t walls · 2 gate(s)
Smoothed initial terrain · ◌ = detected wall gap · hover for details
Inputs per minute
— Patanco - - Barbabietola
Build order — Patanco
First 150 of 297 actions detected
| 0:01 | Create | Villager (Male) |
| 0:02 | Create | Villager (Male) |
| 0:02 | Create | Villager (Male) |
| 0:02 | Create | Villager (Male) |
| 0:05 | Build | House |
| 0:06 | Build | House |
| 1:33 | Create | Villager (Male) |
| 1:59 | Create | Villager (Male) |
| 2:05 | Build | Lumber Camp |
| 2:18 | Create | Villager (Male) |
| 2:48 | Create | Villager (Male) |
| 2:48 | Create | Villager (Male) |
| 3:11 | Create | Villager (Male) |
| 3:21 | Build | House |
| 3:49 | Create | Villager (Male) |
| 4:04 | Build | Mill |
| 4:12 | Create | Villager (Male) |
| 4:42 | Create | Villager (Male) ×2 |
| 5:26 | Create | Villager (Male) ×2 |
| 5:51 | Create | Villager (Male) |
| 6:09 | Build | Mining Camp |
| 6:22 | Create | Villager (Male) |
| 7:01 | Create | Villager (Male) ×5 |
| 7:05 | Build | Farm |
| 7:08 | Build | House |
| 8:00 | Create | Villager (Male) ×5 |
| 9:21 | Build | Mill |
| 9:50 | Research | Feudal Age |
| 9:51 | Create | Villager (Male) |
| 9:52 | Create | Villager (Male) |
| 12:22 | Build | Market |
| 12:27 | Build | Blacksmith |
| 13:22 | Research | Castle Age |
| 13:51 | Build | House |
| 13:57 | Build | Barracks |
| 14:14 | Build | Farm |
| 14:16 | Build | Farm |
| 14:16 | Build | Farm |
| 14:17 | Build | Farm |
| 14:18 | Build | Farm |
| 14:25 | Research | Double-Bit Axe |
| 14:27 | Research | Gold Mining |
| 14:32 | Research | Stone Mining |
| 15:09 | Research | Loom |
| 15:10 | Create | Villager (Male) |
| 16:07 | Build | Castle |
| 16:12 | Build | Mining Camp |
| 16:20 | Research | Bow Saw |
| 16:35 | Build | Town Center |
| 16:39 | Create | Villager (Male) ×2 |
| 17:27 | Create | Villager (Male) |
| 17:52 | Build | Farm |
| 18:00 | Create | Villager (Male) |
| 18:07 | Build | Farm |
| 18:15 | Research | Squires |
| 18:40 | Create | Obuch |
| 18:48 | Create | Obuch |
| 19:03 | Build | Monastery |
| 19:13 | Create | Villager (Male) |
| 19:25 | Build | Farm |
| 19:27 | Build | Farm |
| 19:28 | Build | Farm |
| 19:29 | Build | Farm |
| 19:34 | Create | Monk |
| 19:35 | Research | Fervor |
| 19:46 | Create | Obuch |
| 19:51 | Create | Obuch |
| 20:12 | Create | Obuch |
| 20:21 | Create | Obuch |
| 20:32 | Create | Obuch |
| 20:52 | Create | Monk |
| 21:12 | Create | Villager (Male) ×3 |
| 21:25 | Build | Town Center |
| 21:40 | Build | University |
| 21:43 | Build | House |
| 21:44 | Build | House |
| 21:45 | Build | House |
| 21:46 | Build | House |
| 21:48 | Build | House |
| 22:02 | Create | Villager (Male) ×4 |
| 22:02 | Create | Villager (Male) ×4 |
| 22:29 | Create | Villager (Male) ×2 |
| 22:30 | Create | Villager (Male) ×2 |
| 23:05 | Build | Farm |
| 23:11 | Research | Horse Collar |
| 23:17 | Create | Villager (Male) ×3 |
| 23:26 | Build | Farm |
| 23:34 | Create | Villager (Male) ×2 |
| 23:34 | Create | Villager (Male) ×2 |
| 23:37 | Build | Farm |
| 23:42 | Build | Farm |
| 23:52 | Create | Villager (Male) |
| 23:52 | Create | Villager (Male) |
| 23:52 | Create | Villager (Male) |
| 24:03 | Build | Farm |
| 24:04 | Build | Farm |
| 24:11 | Create | Villager (Male) ×2 |
| 24:11 | Create | Villager (Male) ×2 |
| 24:18 | Build | Farm |
| 24:22 | Build | Farm |
| 24:29 | Create | Villager (Male) |
| 24:29 | Create | Villager (Male) |
| 24:56 | Build | Lumber Camp |
| 25:08 | Build | Mill |
| 25:10 | Build | Farm |
| 25:17 | Build | Farm |
| 25:18 | Build | Farm |
| 25:26 | Build | Farm |
| 25:27 | Build | Farm |
| 25:34 | Build | Farm |
| 25:37 | Create | Villager (Male) ×5 |
| 25:37 | Create | Villager (Male) ×5 |
| 25:42 | Build | Farm |
| 25:44 | Build | Farm |
| 25:57 | Build | Mill |
| 26:03 | Build | Farm |
| 26:04 | Build | Farm |
| 26:05 | Build | Farm |
| 26:07 | Build | Farm |
| 26:08 | Build | Farm |
| 26:11 | Build | Farm |
| 26:18 | Create | Villager (Male) ×5 |
| 26:18 | Create | Villager (Male) ×5 |
| 26:26 | Build | House |
| 26:28 | Build | House |
| 26:29 | Build | House |
| 26:30 | Build | House |
| 26:38 | Research | Stone Shaft Mining |
| 26:50 | Build | Farm |
| 26:57 | Create | Villager (Male) ×5 |
| 26:57 | Create | Villager (Male) ×5 |
| 27:22 | Build | Mill |
| 27:25 | Build | Farm |
| 27:26 | Build | Farm |
| 27:27 | Build | Farm |
| 27:29 | Build | Farm |
| 27:32 | Build | Farm |
| 27:35 | Create | Villager (Male) ×5 |
| 27:36 | Create | Villager (Male) ×5 |
| 27:48 | Research | Scale Mail Armor |
| 27:50 | Research | Forging |
| 28:02 | Build | Archery Range |
| 28:24 | Research | Ballistics |
| 28:29 | Research | Murder Holes |
| 28:36 | Research | Wheelbarrow |
| 28:42 | Research | Chain Mail Armor |
| 28:46 | Create | Obuch ×2 |
| 28:46 | Create | Obuch |
| 29:00 | Build | Farm |
| 29:01 | Build | Farm |
Build order — Barbabietola
First 150 of 265 actions detected
| 0:01 | Create | Villager (Male) |
| 0:01 | Create | Villager (Male) |
| 0:02 | Create | Villager (Male) |
| 0:03 | Build | House |
| 0:05 | Build | House |
| 0:37 | Create | Villager (Male) |
| 1:26 | Create | Villager (Male) |
| 1:48 | Build | Lumber Camp |
| 1:52 | Create | Villager (Male) |
| 2:00 | Create | Villager (Male) |
| 2:30 | Create | Villager (Male) |
| 2:58 | Create | Villager (Male) |
| 3:23 | Create | Villager (Male) |
| 3:41 | Create | Villager (Male) |
| 3:54 | Create | Villager (Male) |
| 4:08 | Build | House |
| 4:12 | Create | Villager (Male) |
| 4:18 | Build | Mill |
| 4:31 | Build | House |
| 4:50 | Create | Villager (Male) |
| 5:11 | Build | Mining Camp |
| 5:14 | Create | Villager (Male) |
| 5:30 | Create | Villager (Male) |
| 6:10 | Create | Villager (Male) |
| 6:47 | Build | Mill |
| 6:55 | Create | Villager (Male) |
| 7:00 | Build | House |
| 7:15 | Create | Villager (Male) |
| 7:44 | Create | Villager (Male) |
| 8:33 | Research | Feudal Age |
| 8:53 | Create | Villager (Male) |
| 9:20 | Create | Villager (Male) |
| 9:52 | Build | Lumber Camp |
| 10:01 | Build | Lumber Camp |
| 10:21 | Build | Farm |
| 10:21 | Build | Farm |
| 10:21 | Build | Farm |
| 10:21 | Build | Farm |
| 10:21 | Build | Farm |
| 10:22 | Build | Farm |
| 10:43 | Age | Feudal Age |
| 10:58 | Create | Villager (Male) |
| 11:22 | Create | Villager (Male) |
| 11:39 | Build | House |
| 11:41 | Create | Villager (Male) |
| 12:03 | Build | House |
| 12:10 | Create | Villager (Male) |
| 12:32 | Build | Blacksmith |
| 12:37 | Create | Villager (Male) |
| 13:14 | Build | Market |
| 13:20 | Build | Farm |
| 13:20 | Build | Farm |
| 13:20 | Build | Farm |
| 13:20 | Build | Farm |
| 13:20 | Build | Farm |
| 13:21 | Build | Farm |
| 13:36 | Create | Villager (Male) |
| 13:43 | Create | Villager (Male) |
| 13:47 | Build | Farm |
| 13:54 | Build | Farm |
| 14:03 | Research | Castle Age |
| 14:16 | Build | Watch Tower |
| 15:01 | Build | Mining Camp |
| 15:09 | Research | Double-Bit Axe |
| 15:11 | Research | Horse Collar |
| 15:19 | Research | Fletching |
| 15:28 | Build | Farm |
| 15:55 | Build | Barracks |
| 16:07 | Research | Gold Mining |
| 16:26 | Research | Scale Mail Armor |
| 16:43 | Age | Castle Age |
| 17:45 | Research | Squires |
| 17:54 | Build | Stone Wall |
| 18:00 | Build | Stone Wall |
| 18:07 | Build | Gate |
| 18:10 | Create | Villager (Male) |
| 18:10 | Create | Villager (Male) |
| 18:10 | Create | Villager (Male) |
| 18:11 | Create | Villager (Male) |
| 18:11 | Create | Villager (Male) |
| 18:36 | Research | Pikeman (upgrade) |
| 18:43 | Create | Villager (Male) |
| 18:43 | Create | Villager (Male) |
| 18:50 | Build | Archery Range |
| 19:03 | Build | Town Center |
| 19:34 | Create | Villager (Male) |
| 19:38 | Research | Stone Mining |
| 19:48 | Build | Siege Workshop |
| 20:09 | Research | Wheelbarrow |
| 20:19 | Create | Villager (Male) ×4 |
| 20:24 | Research | Loom |
| 20:33 | Build | Farm |
| 20:41 | Build | Farm |
| 20:43 | Create | Villager (Male) |
| 20:44 | Create | Villager (Male) |
| 20:50 | Build | Farm |
| 20:54 | Create | Villager (Male) |
| 21:01 | Build | Watch Tower |
| 21:10 | Create | Villager (Male) |
| 21:17 | Build | Farm |
| 21:38 | Build | Farm |
| 21:43 | Research | Bow Saw |
| 22:00 | Create | Villager (Male) |
| 22:06 | Build | Farm |
| 22:15 | Create | Villager (Male) |
| 22:28 | Build | House |
| 22:31 | Build | House |
| 22:39 | Build | University |
| 22:54 | Build | Farm |
| 23:02 | Research | Town Watch |
| 23:14 | Create | Battering Ram |
| 23:19 | Create | Archer ×5 |
| 23:34 | Create | Villager (Male) |
| 23:34 | Create | Villager (Male) |
| 23:45 | Build | Lumber Camp |
| 23:54 | Create | Villager (Male) |
| 23:58 | Create | Villager (Male) |
| 23:58 | Create | Villager (Male) |
| 23:58 | Create | Villager (Male) |
| 24:03 | Build | House |
| 24:03 | Build | House |
| 24:16 | Create | Villager (Male) |
| 24:37 | Build | Castle |
| 24:43 | Create | Villager (Male) |
| 24:49 | Research | Heavy Plow |
| 24:54 | Create | Scorpion |
| 24:57 | Create | Scorpion |
| 25:00 | Research | Crossbowman (upgrade) |
| 25:07 | Create | Villager (Male) |
| 25:18 | Create | Villager (Male) |
| 25:18 | Create | Villager (Male) |
| 25:25 | Create | Villager (Male) |
| 25:54 | Research | Hand Cart |
| 26:06 | Research | Elite Skirmisher (upgrade) |
| 26:14 | Build | House |
| 26:19 | Build | House |
| 26:37 | Build | House |
| 26:39 | Build | House |
| 26:39 | Build | House |
| 26:40 | Build | House |
| 26:52 | Build | Watch Tower |
| 26:59 | Research | Ballistics |
| 27:10 | Build | Farm |
| 28:31 | Research | Bodkin Arrow |
| 28:35 | Research | Gold Shaft Mining |
| 28:46 | Build | Town Center |
| 28:50 | Create | Villager (Male) ×5 |
| 29:01 | Create | Longbowman ×5 |
| 29:07 | Create | Battering Ram |
| 31:21 | Build | Stone Wall |
Match timeline
| 10:43 | Barbabietola · age_up feudal |
| 13:57 | Patanco · first_building Barracks |
| 15:55 | Barbabietola · first_building Barracks |
| 16:07 | Patanco · first_building Castle |
| 16:43 | Barbabietola · age_up castle |
| 17:54 | Barbabietola · wall_segment Stone Wall x1 |
| 18:00 | Barbabietola · wall_segment Stone Wall x20 |
| 18:50 | Barbabietola · first_building Archery Range |
| 19:03 | Patanco · first_building Monastery |
| 19:48 | Barbabietola · first_building Siege Workshop |
| 24:37 | Barbabietola · first_building Castle |
| 27:46 | Patanco · first_market_buy 100 food |
| 28:02 | Patanco · first_building Archery Range |
| 31:21 | Barbabietola · wall_segment Stone Wall x2 |
| 31:25 | Barbabietola · wall_segment Stone Wall x1 |
| 32:23 | Barbabietola · wall_segment Stone Wall x3 |
| 32:59 | Barbabietola · wall_segment Stone Wall x1 |
| 34:24 | Patanco · first_building Stable |
| 35:26 | Barbabietola · age_up imperial |
| 35:48 | Barbabietola · first_market_sell 500 wood |
| 38:51 | Barbabietola · first_market_buy 100 stone |
| 57:10 | Barbabietola · resign |
[ AI ANALYSIS · 1 CREDIT ]
What really happened in this match?
Wolo.gg analyzes every decision: build order, eco, micro, common mistakes by bracket. Personalized analysis on WhatsApp or Discord in 30 seconds.
Civ guide
Poles
Perfil
Jugador #999955